 Dungeon Crawl Stone Soup version 0.32-a0-560-g4c7f4391e0 (webtiles) character file.

Game seed: 13467180317588513334

484 Dittersdorf the Shield-Bearer (level 7, -1/44 HPs)
             Began as a Gargoyle Fighter on Feb 29, 2024.
             Slain by Blork the orc
             ... wielding a +2 scimitar of flaming
              (8 damage)
             ... on level 4 of the Dungeon.
             The game lasted 00:03:01 (3521 turns).

Dittersdorf the Shield-Bearer (Gargoyle Fighter)    Turns: 3521, Time: 00:03:02

Health: -1/44      AC: 18    Str: 22    XL:     7   Next: 12%
Magic:  7/7        EV:  8    Int:  8    God:
Gold:   225        SH:  4    Dex:  9    Spells: 3/6 levels left

rFire   . . .        a - +0 flail
rCold   . . .        c - +0 buckler
rNeg    + . .        s - +0 chain mail
rPois   ∞            p - +0 helmet
rElec   +            r - +0 cloak
rCorr   .            (no gloves)
SInv    .            h - +0 pair of boots
Will    .....        (no amulet) Stlth
                     (no ring)
HPRegen 0.27/turn    (no ring)
MPRegen 0.10/turn

%: no passive effects
@: no status effects
A: sickness immunity, AC +4, negative energy resistance 1, electricity
resistance, torment resistance 1, petrification resistance
a: no special abilities


You were on level 4 of the Dungeon.
You visited 1 branch of the dungeon, and saw 4 of its levels.

You collected 225 gold pieces.

Inventory:

Hand Weapons
 a - a +0 flail (weapon)
Armour
 c - a +0 buckler (worn)
 h - a +0 pair of boots (worn)
 p - a +0 helmet (worn)
 r - a +0 cloak (worn)
 s - a +0 chain mail (worn)
Scrolls
 e - 2 scrolls of immolation {unknown}
 f - 2 scrolls of teleportation {unknown}
 g - a scroll of poison {unknown}
 i - a scroll of identify {unknown}
 j - a scroll of blinking {unknown}
 k - a scroll of fear {unknown}
 l - 2 scrolls of summoning
 q - 2 scrolls of enchant weapon {unknown}
 t - a scroll of revelation {unknown}
 u - a scroll of fog {unknown}
Potions
 b - a potion of haste {unknown}
 d - a potion of might
 m - a potion of heal wounds {unknown}
 n - a potion of curing {unknown}
 o - 2 potions of lignification {unknown}
 v - a potion of cancellation {unknown}
 w - 2 potions of berserk rage {unknown}
 x - a potion of enlightenment {unknown}


   Skills:
 + Level 5.1 Fighting
 + Level 4.0 Maces & Flails
 + Level 5.1 Armour
 + Level 5.1 Shields


You had 3 spell levels left.
You knew the following spells:

 Your Spells              Type           Power      Damage    Failure   Level
a - Passwall              Erth           0%         N/A       100%        3

Your spell library contained the following spells:

 Spells                   Type           Power      Damage    Failure   Level
 Sandblast                Erth           0%         2d4       97%         1
 Stone Arrow              Conj/Erth      0%         3d7       100%        3
 Animate Dead             Necr           0%         N/A       100%        4
 Brom's Barrelling Bould  Conj/Erth      0%         2d3       100%        4
 Haunt                    Necr/Summ      0%         N/A       100%        7
 Infestation              Necr           0%         N/A       100%        8


Dungeon Overview and Level Annotations

Branches:
Dungeon (4/15)
 Temple: D:4-7

Altars:
Makhleb
Okawaru
Trog
Uskayaw
Wu Jian

Shops:
D:4 *(

Annotations:
D:3 2 runed translucent doors, Azoth's ghost, novice DEEE
D:4 Blork the orc


Innate Abilities, Weirdness & Mutations

You are immune to sickness and miasma.
Your stone body is resilient. (AC +4)
You are immune to poison.
You resist negative energy. (rN+)
You are resistant to electric shocks. (rElec)
You are resistant to unholy torment.
You are immune to petrification.


Message History

You are too injured to fight recklessly!
You are too injured to fight recklessly!
You are too injured to fight recklessly!
You are too injured to fight recklessly!
You are too injured to fight recklessly!
You are too injured to fight recklessly!
You are too injured to fight recklessly!
You are too injured to fight recklessly!
You barely miss Blork the orc.
Blork the orc is lightly wounded.
Blork the orc hits you but does no damage.
You barely miss Blork the orc.
Blork the orc is lightly wounded.
Blork the orc hits you but does no damage.
Blork the orc looks satisfied for a moment.
A gnoll comes into view. It is wielding a +0 flail.
The gnoll shouts!
You hit Blork the orc.
Blork the orc is lightly wounded.
Blork the orc points at you and mumbles some strange words.
The magic dart hits you but does no damage.
Blork the orc points at you and mumbles some strange words.
The magic dart hits you.
You sock Blork the orc!
Blork the orc is heavily wounded.
Blork the orc barely misses you.
Blork the orc hits you with a +2 scimitar of flaming.
Blork the orc burns you.
A gnoll comes into view. It is wielding a +0 flail.
You hit Blork the orc but do no damage.
Blork the orc is heavily wounded.
Blork the orc closely misses you.
Blork the orc hits you with a +2 scimitar of flaming.
* * * LOW HITPOINT WARNING * * *
Blork the orc burns you.
* * * LOW HITPOINT WARNING * * *
You thump Blork the orc!
Blork the orc is severely wounded.
Blork the orc hits you with a +2 scimitar of flaming!
You die...

# .## ####### g.. #...... #g# ##
#...... .g# #.# #..##.# ... #o##
#.# #..##.# # ♣.♣.# #@###.#
#..##.. ......... ##.#.# #>.###.
♣.♣.♣.♣.# ##.# #..###ß
..._....#+## #.# #......
♣.♣.♣.♣....## #.# ##....ß
......†.....## #.## #####.
#.♣.♣.#......## ##..## #.
....).........###....###########.
....+.........'.................†


You could see Blork the orc (fast) and 3 gnolls.

Vanquished Creatures
  An ogre (D:3)
  A scorpion (D:4)
  A hound (D:4)
  A jelly (D:4)
  Crazy Yiuf (D:2)
  A scorpion zombie (D:2)
  Natasha (thrice) (D:2)
  4 gnolls (D:2)
  2 adders (D:3)
  An adder zombie (D:2)
  2 ribbon worms (D:4)
  3 dart slugs
  An adder simulacrum (D:2)
  A spectral bat (D:2)
  4 bats
  2 endoplasms (D:1)
  5 giant cockroaches
  9 goblins
  6 hobgoblins
  6 jackals (D:4)
  3 quokkas
  2 ball pythons
  14 frilled lizards
  6 kobolds
  A quokka skeleton (D:2)
  A quokka zombie (D:2)
  10 rats
92 creatures vanquished.

Notes
Turn   | Place    | Note
-------+----------+-------------------------------------------
     0 | D:1      | Dittersdorf the Gargoyle Fighter began the quest for the
                  | Orb.
     0 | D:1      | Reached XP level 1. HP: 14/14 MP: 1/1
    73 | D:1      | Reached XP level 2. HP: 19/19 MP: 2/2
   387 | D:1      | Reached XP level 3. HP: 23/23 MP: 3/3
   888 | D:2      | Noticed Natasha
   899 | D:2      | Killed Natasha
   900 | D:2      | Reached XP level 4. HP: 14/29 MP: 4/4
  1084 | D:1      | Learned a level 3 spell: Passwall
  1118 | D:2      | Identified the +4 dagger "Ugeffun" {pain, rF+++ rC- rN+
                  | Dex-4}
  1268 | D:2      | Found a runed translucent door.
  1269 | D:2      | Noticed Crazy Yiuf
  1296 | D:2      | Found a faded altar of an unknown god.
  1308 | D:2      | Reached XP level 5. HP: 31/33 MP: 5/5
  1388 | D:2      | Noticed Natasha
  1402 | D:2      | Killed Natasha
  1559 | D:2      | Killed Crazy Yiuf
  1624 | D:2      | Found a faded altar of an unknown god.
  1655 | D:2      | Noticed Natasha
  1669 | D:2      | Killed Natasha
  1940 | D:3      | Found an ornate altar of the Wu Jian Council.
  1993 | D:3      | Reached XP level 6. HP: 38/39 MP: 6/6
  2333 | D:3      | Found a hide-covered altar of Uskayaw.
  2406 | D:3      | Found a burning altar of Makhleb.
  2617 | D:3      | Found a large runed translucent door.
  2617 | D:3      | Found a large runed translucent door.
  2619 | D:3      | Noticed Azoth's ghost (novice DEEE)
  3017 | D:4      | Reached skill level 5 in Fighting
  3017 | D:4      | Reached skill level 5 in Armour
  3017 | D:4      | Reached skill level 5 in Shields
  3017 | D:4      | Reached XP level 7. HP: 39/44 MP: 7/7
  3117 | D:4      | Found Jeuph's Book Boutique.
  3188 | D:4      | Found a bloodstained altar of Trog.
  3223 | D:4      | Found Renot's Weapon Shoppe.
  3329 | D:4      | Found an iron altar of Okawaru.
  3387 | D:4      | Found Neleb's Assorted Antiques.
  3506 | D:4      | Noticed Blork the orc
  3521 | D:4      | Slain by Blork the orc

Illustrated notes

Levels and vault maps discovered:
D:1:      minmay_arrival_stair_chambers, layout_basic, reono_crystal_passage
D:2:      layout_basic, shapermc_ecumenical_altar_notcrosses,
          dilly_guarded_unrand_morg, uniq_crazy_yiuf_cottage
D:3:      layout_basic, mainiacjoe_overflow_surrounded_room,
          eat_drink_and_be_merry_uskayaw, mainiacjoe_overflow_catwalk,
          ebering_ghost_disaster_area, chequers_big_river, minmay_lizard_king
D:4:      layout_loops_corners, okawaru_trees_1, bloody_trog,
          worldfamousw_hep_ancestral_shrine, serial_shops, shop,
          nicolae_shop_tiny_statue_garden, nicolae_shop_statue_plus,
          minivault_25, uniq_blork_the_orc

Skill      XL: |  1  2  3  4  5  6  7 |
---------------+----------------------+-----
Shields        | 4 5 |  5.1
Armour         | 4 5 |  5.1
Fighting       | 4 5 |  5.1
Maces & Flails | 3 4 |  4.0

Action                     |  1- 3 |  4- 6 |  7- 9 || total
---------------------------+-------+-------+-------++-------
  Melee: Flail             |   110 |   197 |    38 ||   345
    Use: Scroll            |       |     1 |       ||     1
 Armour: Scale mail        |   120 |   100 |       ||   220
         Chain mail        |       |   141 |    28 ||   169
  Dodge: Dodged            |    93 |   128 |    14 ||   235
  Block: Buckler           |    34 |    64 |     8 ||   106

Table legend: (Time is in decaauts)
 A = Elapsed time spent in this place.
 B = Non-inter-level travel time spent in this place.
 C = Inter-level travel time spent in this place.
 D = Time resting spent in this place.
 E = Time spent auto-exploring this place.
 F = Levels seen in this place.
 G = Mean time per level.
                   A        B        C        D        E       F      G
               +--------+--------+--------+--------+--------+-----+--------+
         Total |   3634 |   3533 |    101 |    328 |   2420 |   4 |  908.5 |
       Dungeon |   3634 |   3533 |    101 |    328 |   2420 |   4 |  908.5 |
               +--------+--------+--------+--------+--------+-----+--------+

Top non-repeatable levels by time:
     D:2: 1077 daAuts
     D:3: 986 daAuts
     D:1: 916 daAuts
     D:4: 654 daAuts
